 Dungeon Crawl Stone Soup version 0.30.0-30-g96aa6591b8 (webtiles) character file.

Game seed: 2055798533646937321

290 cdecastro the Trooper (level 6, -18/58 HPs)
             Began as a Minotaur Hunter on June 30, 2023.
             Killed by an exploding orc (42 damage)
             ... ignited by their inner flame
             ... on level 3 of the Dungeon.
             The game lasted 00:03:06 (1977 turns).

cdecastro the Trooper (Minotaur Hunter)             Turns: 1977, Time: 00:03:06

Health: -18/58     AC:  3    Str: 16    XL:     6   Next: 9%
Magic:  5/5        EV: 12    Int:  6    God:
Gold:   116        SH:  0    Dex: 15    Spells: 5/5 levels left

rFire   . . .        a - +0 shortbow
rCold   . . .        (shield currently unavailable)
rNeg    . . .        c - +0 leather armour
rPois   .            (helmet restricted)
rElec   .            (no cloak)
rCorr   .            (no gloves)
SInv    .            (no boots)
Will    .....        (no amulet)
Stlth   +            (no ring)
HPRegen 0.29/turn    (no ring)
MPRegen 0.09/turn

%: no passive effects
@: no status effects
A: horns 2, retaliatory headbutt
a: no special abilities


You were on level 3 of the Dungeon.
You visited 1 branch of the dungeon, and saw 3 of its levels.

You collected 116 gold pieces.

Inventory:

Hand Weapons
 a - a +0 shortbow (weapon)
Armour
 c - a +0 leather armour (worn)
 i - a +0 scale mail
Jewellery
 f - a ring of fire
Scrolls
 b - a scroll of immolation
 d - a scroll of butterflies {unknown}
 e - 4 scrolls of identify {unknown}
 g - 2 scrolls of teleportation {unknown}
 l - a scroll of blinking {unknown}
 m - 2 scrolls of vulnerability {unknown}
 n - a scroll of brand weapon {unknown}
Potions
 h - a potion of lignification {unknown}
 j - a potion of ambrosia {unknown}
 k - 2 potions of curing {unknown}
 o - a potion of flight {unknown}
 p - a potion of degeneration {unknown}


   Skills:
 * Level 6.5 Fighting
 + Level 5.8 Ranged Weapons
 - Level 2.1 Dodging
 - Level 0.7 Stealth


You had 5 spell levels left.
You didn't know any spells.
Your spell library contained the following spells:

 Spells                   Type           Power      Damage    Failure   Level
 Freeze                   Ice            0%         1d3       52%         1
 Necrotise                Necr           0%         1d4       52%         1
 Static Discharge         Conj/Air       0%         2-2/arc   67%         2
 Frozen Ramparts          Ice            0%         1d1       88%         3
 Hailstorm                Conj/Ice       0%         3d3       88%         3
 Vampiric Draining        Necr           0%         2d6       88%         3
 Airstrike                Air            0%         2d(0-16)  99%         4
 Summon Lightning Spire   Summ/Air       0%         N/A       99%         4
 Agony                    Necr           0%         N/A       100%        5


Dungeon Overview and Level Annotations

Branches:
Dungeon (3/15)

Altars:
Elyvilon


Innate Abilities, Weirdness & Mutations

You have a pair of horns on your head.
You reflexively headbutt those who attack you in melee.


Message History

An orc priest comes into view. It is wielding a +0 dagger.
Unknown command.
The orc wizard casts a spell at you. You resist with some effort.
The orc wizard gestures at you while chanting.
You are confused.
The orc wizard casts a spell.
The orc wizard flickers and vanishes!
Deactivating autopickup; reactivate with Ctrl-A.
You are too confused!
Unknown command.
Unknown command.
The adder bites you. The orc barely misses you.
You're too confused to move!
You feel less confused. The adder bites you.
The orc priest miscasts a cantrip.
Really read the scroll of immolation?
As you read the scroll of immolation, it crumbles to dust.
The creatures around you are filled with an inner flame!
The adder barely misses you. The orc hits you with a +0 dagger.
The adder bites you.
Unknown command.
Unknown command.
You shoot an arrow. The arrow hits the adder.
Flame seeps out of the adder.
The adder is heavily wounded.
The adder is engulfed in blazing flames.
The adder explodes!
The fiery explosion engulfs the orc priest!!
The fiery explosion engulfs something!!
Reactivating autopickup.
You feel a bit more experienced.
The fiery explosion engulfs the orc!!
The fiery explosion engulfs you!!
* * * LOW HITPOINT WARNING * * *
The fiery explosion engulfs the orc wizard!!
The fiery explosion engulfs the orc!!
The orc explodes!
The fiery explosion engulfs you!!!
Ouch! That really hurt!
You die...

..$.....w......##
..................
........(......##
##......w.......##.
...........#.........
.........>..................#
##........#....)§§..#####.#...
..........#.>..§○§§.# .....
..........#.....@§§.# #.....
...................>####..#...
...........#.............##...
##†.....#............#......#
..†...#..........#####......#
..#.#.......†...#### #......#
###...#............###....[##
##..#.#........#...†.....#
#<.#........#..####.....#


You could see a worm (inner flame).

Vanquished Creatures
  Sigmund (D:2)
  A scorpion (D:3)
  An orc priest (D:3)
  2 orc wizards (D:3)
  3 adders
  A worm (D:1)
  A dart slug (D:1)
  2 orcs (D:3)
  4 ball pythons
  6 endoplasms
  6 giant cockroaches
  4 goblins
  2 hobgoblins
  2 jackals (D:3)
  2 quokkas
  4 bats
  3 frilled lizards
  3 kobolds (D:1)
  6 rats
54 creatures vanquished.

Notes
Turn   | Place    | Note
-------+----------+-------------------------------------------
     0 | D:1      | cdecastro the Minotaur Hunter began the quest for the Orb.
     0 | D:1      | Reached XP level 1. HP: 18/18 MP: 0/0
   302 | D:1      | Reached skill level 3 in Fighting
   309 | D:1      | Reached XP level 2. HP: 26/26 MP: 1/1
  1305 | D:2      | Reached XP level 3. HP: 33/33 MP: 2/2
  1357 | D:2      | Noticed Sigmund
  1370 | D:2      | Killed Sigmund
  1371 | D:2      | Reached skill level 5 in Fighting
  1371 | D:2      | Reached skill level 5 in Ranged Weapons
  1371 | D:2      | Reached XP level 4. HP: 14/44 MP: 3/3
  1371 | D:2      | Reached XP level 5. HP: 16/50 MP: 4/4
  1572 | D:2      | Reached skill level 6 in Fighting
  1892 | D:3      | Found a white marble altar of Elyvilon.
  1938 | D:3      | Reached XP level 6. HP: 58/58 MP: 5/5
  1977 | D:3      | Killed by an exploding orc... ignited by their inner flame

Illustrated notes

Levels and vault maps discovered:
D:1:      dpeg_arrival_round_b, layout_basic, minmay_crystal_room
D:2:      layout_rooms, uniq_sigmund
D:3:      layout_rooms, mainiacjoe_overflow_alcove_1,
          shapermc_ecumenical_altar_pompeii, due_unseen_surprise

Skill      XL: |  1  2  3  4  5 |
---------------+----------------+-----
Fighting       | 3 5 6 |  6.5
Ranged Weapons | 5 |  5.8
Dodging        | |  2.1
Stealth        | |  0.7

Action                     |  1- 3 |  4- 6 || total
---------------------------+-------+-------++-------
   Fire: Shortbow          |    66 |    51 ||   117
    Use: Scroll            |       |     1 ||     1
 Armour: Leather armour    |     3 |     5 ||     8
  Dodge: Dodged            |    17 |    16 ||    33
